 Dungeon Crawl Stone Soup version 0.31-b1-17-gcfd88c8481 (webtiles) character file.

Game seed: 8306503001480357483

518 PaiMei the Purveyor of Pain (level 7, -4/53 HPs)
             Began as a Demonspawn Necromancer on Jan 15, 2024.
             Was an Initiate of Kikubaaqudgha.
             Slain by a boulder beetle (20 damage)
             ... on level 6 of the Dungeon.
             The game lasted 00:06:00 (5247 turns).

PaiMei the Purveyor of Pain (DsNe)                  Turns: 5247, Time: 00:06:00

Health: -4/53      AC:  6    Str:  8    XL:     7   Next: 1%
Magic:  2/12       EV: 13    Int: 17    God:    Kikubaaqudgha [......]
Gold:   374        SH:  0    Dex: 14    Spells: 5/13 levels left

rFire   . . .        x - +4 quarterstaff (spect)
rCold   . . .        (shield currently unavailable)
rNeg    . . .        a - +0 robe
rPois   .            (helmet restricted)
rElec   .            (no cloak)
rCorr   .            s - +0 pair of gloves
SInv    .            y - +1 pair of boots
Will    .....        (no amulet)
Stlth   ++           (no ring)
HPRegen 0.28/turn    (no ring)
MPRegen 0.13/turn

%: no passive effects
@: no status effects
A: antennae 1, rugged brown scales 1, spiny 1
a: Renounce Religion


You were on level 6 of the Dungeon.
You worshipped Kikubaaqudgha.
Kikubaaqudgha was noncommittal.
You visited 2 branches of the dungeon, and saw 7 of its levels.

You collected 374 gold pieces.

Inventory:

Hand Weapons
 l - a +1 whip of flaming
 m - a +2 dagger of venom
 x - a +4 spectral quarterstaff (weapon)
 D - a +6 spear of flaming
Missiles
 o - 9 poisoned darts
Armour
 a - a +0 robe (worn)
 s - a +0 pair of gloves (worn)
 y - a +1 pair of boots (worn)
 C - a +1 leather armour of cold resistance
Jewellery
 e - a ring of fire
 p - a ring of positive energy
 r - a ring of flight
 A - a ring of fire
Wands
 c - a wand of paralysis (12)
Scrolls
 d - 2 scrolls of silence {unknown}
 f - 4 scrolls of teleportation {unknown}
 h - 2 scrolls of enchant armour {unknown}
 i - 2 scrolls of revelation {unknown}
 n - 2 scrolls of poison {unknown}
 q - 3 scrolls of fog {unknown}
 t - a scroll of enchant weapon {unknown}
 v - 2 scrolls of summoning {unknown}
 w - 4 scrolls of identify {unknown}
 B - 2 scrolls of immolation {unknown}
 E - 2 scrolls of blinking {unknown}
Potions
 b - a potion of magic
 g - a potion of brilliance {unknown}
 j - 4 potions of haste {unknown}
 k - 3 potions of curing {unknown}
 u - a potion of might {unknown}
 z - a potion of mutation {unknown}


   Skills:
 + Level 3.1 Fighting
 + Level 3.7 Dodging
 - Level 2.3 Stealth
 + Level 3.8 Spellcasting
 + Level 6.0 Necromancy


You had 5 spell levels left.
You knew the following spells:

 Your Spells              Type           Power      Damage    Failure   Level
a - Necrotise             Necr           92%        1d8       1%          1
b - Vampiric Draining     Necr           23%        2d7       4%          3
c - Animate Dead          Necr           23%        N/A       14%         4

Your spell library contained the following spells:

 Spells                   Type           Power      Damage    Failure   Level
 Blink                    Tloc           6%         N/A       24%         2
 Ensorcelled Hibernation  Hex/Ice        6%         N/A       24%         2
 Jinxbite                 Hex            6%         N/A       24%         2
 Lesser Beckoning         Tloc           6%         N/A       24%         2
 Momentum Strike          Conj/Tloc      6%         3d8       24%         2
 Curse of Agony           Necr           23%        N/A       36%         5
 Hailstorm                Conj/Ice       3%         3d5       43%         3
 Ozocubu's Armour         Ice            3%         N/A       43%         3
 Passwall                 Erth           3%         N/A       43%         3
 Summon Ice Beast         Ice/Summ       3%         N/A       43%         3
 Swiftness                Air            3%         N/A       43%         3
 Metabolic Englaciation   Hex/Ice        1%         N/A       99%         5
 Yara's Violent Unravell  Hex/Alch       1%         3d3       99%         5
 Sculpt Simulacrum        Ice/Alch       1%         N/A       100%        6
 Enfeeble                 Hex            1%         N/A       100%        7


Dungeon Overview and Level Annotations

Branches:
Dungeon (6/15)             Temple (1/1) D:4

Altars:
Ashenzari
Cheibriados
Dithmenos
Fedhas
Gozag
Hepliaklqana
Kikubaaqudgha
Makhleb
Nemelex Xobeh
Qazlal
Sif Muna
Trog
Uskayaw
Vehumet
Wu Jian
Xom

Shops:
D:2 *   D:4 =


Innate Abilities, Weirdness & Mutations

You have a pair of small antennae on your head.
You are partially covered in rugged brown scales. (AC +1, +3% HP)
You are partially covered in sharp spines.


Message History

Your +4 spectral quarterstaff disappears.
The boulder beetle bites you!
Casting: Vampiric Draining (dangerous; 4% risk of failure)
Confirm with . or Enter, or press ? or * to list all spells.
Aiming: Vampiric Draining (dangerous; 4% risk of failure)
Press: ? - help, Shift-Dir - straight line, f/p - bombardier beetle
Aim: a bombardier beetle (severely wounded)
You draw life force from the bombardier beetle!
You kill the bombardier beetle!
Kikubaaqudgha accepts your kill.
You feel life coursing into your body.
The boulder beetle bites you but does no damage.
Your Necromancy skill increases to level 6!
You have reached level 7!
Casting: Vampiric Draining (dangerous; 4% risk of failure)
Confirm with . or Enter, or press ? or * to list all spells.
Aiming: Vampiric Draining (dangerous; 4% risk of failure)
Press: ? - help, Shift-Dir - straight line, f - sleepcap
Aim: a sleepcap You draw life force from the sleepcap!
You feel life coursing into your body. The boulder beetle bites you!!
The sleepcap is struck by your spines.
The sleepcap releases spores at you but does no damage.
Casting: Vampiric Draining (dangerous; 4% risk of failure)
Confirm with . or Enter, or press ? or * to list all spells.
You don't have enough magic to cast this spell.
Casting: Vampiric Draining (dangerous; 4% risk of failure)
Confirm with . or Enter, or press ? or * to list all spells.
You don't have enough magic to cast this spell.
You hit the sleepcap but do no damage.
The sleepcap is heavily damaged.
Your +4 spectral quarterstaff hits the sleepcap!
The boulder beetle bites you but does no damage.
The sleepcap barely misses your +4 spectral quarterstaff.
You sock the sleepcap!
You destroy the sleepcap!
Kikubaaqudgha accepts your kill.
Your +4 spectral quarterstaff disappears.
The boulder beetle bites you! The boulder beetle bites you!!
You die...
Kikubaaqudgha rasps: "You have failed me!
Welcome... death!"

####### ##################
#...Y.. #.$...$.#.o.l...#.
###.#.#.#.#.#.#.#.#.#.#.#.##
#.........†@B...............
#.############'#############
#.##..## #.....#..........
#......## ##......#..#######
#####...###........#.##
##.#.#..........#.#
#.##.##.......#.##
#.##.###.....#.## #.##.#
##...#.##


You could see a boulder beetle.

Vanquished Creatures
  A gnoll sergeant (D:5)
  2 bombardier beetles (D:6)
  An orc priest (D:4)
  3 hounds
  A jelly (D:5)
  An orc wizard (D:6)
  A sleepcap (D:6)
  An iguana (D:5)
  4 gnolls
  5 adders
  A shadow imp (D:5)
  A white imp (D:6)
  2 dart slugs
  8 orcs
  2 ball pythons (D:1)
  4 endoplasms
  2 giant cockroaches
  8 hobgoblins
  2 jackals (D:2)
  6 kobolds
  6 quokkas
  5 bats
  3 frilled lizards
  3 goblins
  2 rats (D:1)
75 creatures vanquished.

Vanquished Creatures (collateral kills)
  A bat (D:1)
  An endoplasm (D:1)
  A ball python (D:1)
  A rat (D:1)
4 creatures vanquished.

Grand Total: 79 creatures vanquished

Notes
Turn   | Place    | Note
-------+----------+-------------------------------------------
     0 | D:1      | PaiMei the Demonspawn Necromancer began the quest for the
                  | Orb.
     0 | D:1      | Reached XP level 1. HP: 13/13 MP: 3/3
   148 | D:1      | Gained mutation: You are partially covered in sharp spines.
                  | [demonic ancestry]
   148 | D:1      | Reached XP level 2. HP: 15/19 MP: 1/5
   706 | D:1      | Gained mutation: You have a pair of small antennae on your
                  | head. [demonic ancestry]
   706 | D:1      | Reached XP level 3. HP: 24/24 MP: 4/6
   848 | D:2      | Learned a level 3 spell: Vampiric Draining
  1042 | D:2      | Found Ebriobo's Assorted Antiques.
  1476 | D:3      | Found a shadowy altar of Dithmenos.
  1476 | D:3      | Found a shimmering altar of Xom.
  1499 | D:3      | Found a blossoming altar of Fedhas.
  1503 | D:3      | Found a stormy altar of Qazlal.
  1503 | D:3      | Found an opulent altar of Gozag.
  2319 | D:4      | Reached XP level 4. HP: 31/31 MP: 2/7
  2383 | D:4      | Found a staircase to the Ecumenical Temple.
  2403 | D:4      | Reached skill level 1 in Fighting
  2403 | D:4      | Reached skill level 5 in Necromancy
  2412 | Temple   | Entered the Ecumenical Temple
  2453 | Temple   | Became a worshipper of Kikubaaqudgha
  2841 | D:4      | Found Myippi's Jewellery Boutique.
  3280 | D:5      | Entered Level 5 of the Dungeon
  3286 | D:5      | Gained mutation: You are partially covered in rugged brown
                  | scales. (AC +1, +3% HP) [demonic ancestry]
  3286 | D:5      | Reached XP level 5. HP: 32/38 MP: 4/9
  4248 | D:5      | Learned a level 4 spell: Animate Dead
  4331 | D:5      | Reached XP level 6. HP: 44/47 MP: 5/11
  4586 | D:5      | Found an ornate altar of the Wu Jian Council.
  5118 | D:6      | Noticed a yak
  5208 | D:6      | Noticed an orc warrior
  5208 | D:6      | Noticed a komodo dragon
  5239 | D:6      | Noticed a boulder beetle
  5245 | D:6      | Reached skill level 6 in Necromancy
  5245 | D:6      | Reached XP level 7. HP: 42/53 MP: 5/12
  5247 | D:6      | Slain by a boulder beetle

Illustrated notes

Levels and vault maps discovered:
D:1:      lightli_arrival_statue_moat, layout_rooms
D:2:      layout_basic, serial_shops,
          nicolae_shop_temple_entry_statues_fountains,
          chequers_serial_rivers_small_a
D:3:      layout_loops_ring, grunt_temple_overflow_open
D:4:      layout_basic, minmay_temple_entry_mini_moons, serial_shops,
          nicolae_shop_tiny_statue_garden
D:5:      layout_cave_pools, mainiacjoe_overflow_alcove_4
D:6:      cheibrodos_two_vegetables, layout_loops_ring,
          hangedman_minor_gate_pass
Temple:   minmay_freezing_vapour_temple

Skill      XL: |  1  2  3  4  5  6 |
---------------+-------------------+-----
Stealth        | 2 |  2.3
Dodging        | 2 3 |  3.7
Fighting       | 1 2 3 |  3.1
Necromancy     | 5 6 |  6.0
Spellcasting   | 3 |  3.8

Action                     |  1- 3 |  4- 6 |  7- 9 || total
---------------------------+-------+-------+-------++-------
  Melee: Unarmed           |    14 |       |       ||    14
         Dagger            |     9 |       |       ||     9
         Quarterstaff      |       |    18 |     2 ||    20
   Cast: Necrotise         |    67 |    73 |       ||   140
         Vampiric Draining |       |     7 |     1 ||     8
 Armour: Robe              |    21 |    43 |     5 ||    69
  Dodge: Dodged            |    32 |    34 |       ||    66
